 Dungeon Crawl Stone Soup version 0.31.0-32-g396128a36d (webtiles) character file.

Game seed: 15293403591106696344

117 Doomgape the Covered (level 4, -6/38 HPs)
             Began as an Armataur Fighter on Mar 10, 2024.
             Mangled by a gnoll bouda
             ... wielding a +0 club
              (10 damage)
             ... on level 5 of the Dungeon.
             The game lasted 00:04:07 (1482 turns).

Doomgape the Covered (Armataur Fighter)             Turns: 1482, Time: 00:04:08

Health: -6/38      AC:  7    Str: 23    XL:     4   Next: 71%
Magic:  4/4        EV:  7    Int:  9    God:
Gold:   222        SH:  4    Dex:  9    Spells: 3/3 levels left

rFire   . . .        m - +8 short sword of the Slashing Gods {heavy, rPois SInv}
rCold   . . .        c - +0 buckler
rNeg    . . .        b - +0 scale mail
rPois   +            (no helmet)
rElec   .            (no cloak)
rCorr   .            (no gloves)
SInv    +            (no barding)
Will    .....        (no amulet) Stlth
                     (no ring)
HPRegen 0.26/turn    (no ring)
MPRegen 0.09/turn

%: roll
@: about to teleport, attractive
A: large, deformed body, tough skin 3, armoured tail, roll 1
a: no special abilities


You were on level 5 of the Dungeon.
You visited 1 branch of the dungeon, and saw 5 of its levels.

You collected 222 gold pieces.

Inventory:

Hand Weapons
 a - a +0 war axe
 m - the +8 short sword of the Slashing Gods (weapon) {heavy, rPois SInv}
   (You found it on level 2 of the Dungeon)

   rPois:     It protects you from poison SInv: It lets you see invisible.
Armour
 b - a +0 scale mail (worn)
 c - a +0 buckler (worn)
Scrolls
 j - a scroll of poison {unknown}
 k - 2 scrolls of identify
 n - a scroll of revelation {unknown}
Potions
 d - a potion of might
 h - a potion of curing {unknown}
 i - a potion of enlightenment {unknown}


   Skills:
 + Level 3.4 Fighting
 + Level 2.4 Axes
 + Level 4.6 Armour
 + Level 4.1 Shields


You had 3 spell levels left.
You didn't know any spells.
Your spell library contained the following spells:

 Spells                   Type           Power      Damage    Failure   Level
 Summon Small Mammal      Summ           0%         N/A       75%         1
 Call Canine Familiar     Summ           0%         N/A       98%         3
 Summon Blazeheart Golem  Fire/Summ      0%         N/A       100%        4


Dungeon Overview and Level Annotations

Branches:
Dungeon (5/15)
 Temple: D:4-7

Altars:


Innate Abilities, Weirdness & Mutations

Armour fits poorly on your strangely shaped body.
You have extremely tough skin. (AC +3)
You have a long armoured tail.
You regenerate magic when rolling toward enemies. (Rampage MPRegen)


Message History

You block the gnoll's attack. The gnoll attacks as it pursues you!
The gnoll barely misses you.
It was a potion of attraction.
You feel attractive to monsters. The gnoll hits you with a +0 club!
* * * LOW HITPOINT WARNING * * *
The gnoll bouda is attracted toward you.
It was a potion of heal wounds.
You feel much better.
Your attacks no longer feel as feeble.
The gnoll hits you but does no damage.
You puncture the gnoll!
The gnoll is severely wounded.
The gnoll hits you with a +0 club.
You barely miss the gnoll bouda.
The gnoll bouda is severely wounded.
The gnoll bouda barely misses you. The gnoll closely misses you.
The gnoll bouda barks out a call to the hunt!
The gnolls pick up the pace!
You completely miss the gnoll bouda.
The gnoll bouda is severely wounded.
The gnoll hits you with a +0 whip!
The gnoll bouda hits you with a +0 club.
You block the gnoll's attack.
You hit the gnoll bouda but do no damage.
The gnoll bouda is severely wounded.
The gnoll bouda hits you with a +0 club.
* * * LOW HITPOINT WARNING * * *
The gnoll barely misses you.
The gnoll bouda hits you but does no damage.
You block the gnoll's attack.
You barely miss the gnoll bouda. You tail-slap the gnoll bouda.
The gnoll bouda is severely wounded.
The gnoll bouda hits you with a +0 club!
* * * LOW HITPOINT WARNING * * *
The gnoll barely misses you.
Unknown command.
As you read the scroll labelled XOILEJ RI LYEH, it crumbles to dust.
You feel strangely unstable.
It was a scroll of teleportation.
The gnoll bouda hits you with a +0 club!
You die...

######## ####......##### #
....))....'...########## .#
####.)....#...##.g.....# .#
#......#...##@#.....##.#
#......#...##g#......).###.#
+......#.....g#............#
#......#...!...gg...........
#.......>..####............#
####+#.#...# ###########..#
#.#.### .# #... # ###.


You could see a gnoll bouda and 2 gnolls.

Vanquished Creatures
  A gnoll (D:5)
  3 adders
  2 dart slugs (D:2)
  4 ribbon worms (D:2)
  3 orcs (D:5)
  3 endoplasms
  2 giant cockroaches (D:2)
  9 goblins
  4 hobgoblins
  2 kobolds
  3 quokkas
  11 ball pythons
  4 bats
  7 frilled lizards
  6 rats
64 creatures vanquished.

Notes
Turn   | Place    | Note
-------+----------+-------------------------------------------
     0 | D:1      | Doomgape the Armataur Fighter began the quest for the Orb.
     0 | D:1      | Reached XP level 1. HP: 18/18 MP: 1/1
   245 | D:1      | Reached XP level 2. HP: 24/25 MP: 2/2
   635 | D:2      | Reached XP level 3. HP: 27/31 MP: 3/3
   813 | D:2      | Found a faded altar of an unknown god.
   833 | D:2      | Identified the +8 short sword of the Slashing Gods {heavy,
                  | rPois SInv}
  1131 | D:2      | Reached XP level 4. HP: 38/38 MP: 4/4
  1313 | D:3      | You fall into a shaft and drop 1 floor!
  1372 | D:5      | Entered Level 5 of the Dungeon
  1482 | D:5      | Mangled by a gnoll bouda

Illustrated notes

Levels and vault maps discovered:
D:1:      lightli_arrival_flooded_house, layout_rooms, minmay_vboxes
D:2:      layout_rooms, shapermc_ecumenical_altar_mp_ritualfount,
          minmay_misc_feat_nine_boxes, hangedman_decor_growths,
          minmay_joined_circles
D:3:      layout_basic, mainiacjoe_overflow_concentric_impassable
D:4:      layout_gridville, lemuel_round_altar, uniq_duvessa
D:5:      minmay_evil_eye, layout_basic, minmay_temple_entry_statues_pillars,
          serial_shops, nicolae_shop_mannequins, kennysheep_generic_room_8

Skill      XL: |  1  2  3  4 |
---------------+-------------+-----
Armour         | 4 |  4.6
Fighting       | 3 |  3.4
Axes           | 2 |  2.4
Shields        | 4 |  4.1

Action                     |  1- 3 |  4- 6 || total
---------------------------+-------+-------++-------
  Melee: War axe           |    93 |       ||    93
         Tailslap          |     5 |     6 ||    11
         Short sword       |    16 |    53 ||    69
    Use: Scroll            |       |     2 ||     2
         Potion            |       |     2 ||     2
 Armour: Scale mail        |    80 |    46 ||   126
  Dodge: Dodged            |    41 |    28 ||    69
  Block: Buckler           |    17 |    17 ||    34
